 Dungeon Crawl Stone Soup version 0.30-a0-782-ge64f9170bb (webtiles) character file.

Game seed: 2614631695511985929

77 senseless the Gusty (level 4, 0/34 HPs)
             Began as a Gnoll Wanderer on Mar 17, 2023.
             Was a Believer of Zin.
             Succumbed to an adder's poison
             ... on level 3 of the Dungeon.
             The game lasted 00:06:26 (2086 turns).

senseless the Gusty (Gnoll Wanderer)                Turns: 2086, Time: 00:06:27

Health: 0/34       AC:  7    Str: 13    XL:     4   Next: 34%
Magic:  1/8        EV: 10    Int: 15    God:    Zin [**....]
Gold:   165        SH:  0    Dex:  8    Spells: 6/9 levels left

rFire   . . .      SeeInvis .    a - +0 spear
rCold   . . .      Faith    .    (no shield)
rNeg    . . .      Spirit   .    b - +0 ring mail
rPois   .          Reflect  .    (no helmet)
rElec   .          Harm     .    (no cloak)
rCorr   .          Rampage  .    (no gloves)
Will    .....                    f - +0 pair of boots
Stlth   +                        (no amulet)
HPRegen 0.25/turn                (no ring)
MPRegen 0.11/turn                (no ring)

@: lethally poisoned (0 -> -1), flying
A: fangs 1, strong nose, distributed training
a: Renounce Religion, Recite, Vitalisation, Donate Gold


You were on level 3 of the Dungeon.
You worshipped Zin.
Zin was pleased with you.
You visited 1 branch of the dungeon, and saw 3 of its levels.

You collected 183 gold pieces.
You donated 18 gold pieces to Zin.

Inventory:

Hand Weapons
 a - a +0 spear (weapon)
Armour
 b - a +0 ring mail (worn)
 f - a +0 pair of boots (worn)
Wands
 i - a wand of flame (7)
Scrolls
 c - 3 scrolls of teleportation
 d - 2 scrolls of immolation {unknown}
 e - a scroll of fear {unknown}
 h - 6 scrolls of identify {unknown}
 k - a scroll of enchant armour {unknown}
Potions
 j - a potion of brilliance {unknown}


   Skills:
 + Level 2.7 Fighting
 + Level 1.1 Short Blades
 + Level 1.1 Long Blades
 + Level 1.1 Axes
 + Level 1.1 Maces & Flails
 + Level 2.7 Polearms
 + Level 1.1 Staves
 + Level 1.1 Ranged Weapons
 + Level 1.1 Throwing
 + Level 6.6 Armour
 + Level 1.1 Dodging
 + Level 1.1 Stealth
 + Level 1.1 Shields
 + Level 1.1 Unarmed Combat
 + Level 3.0 Spellcasting
 + Level 0.9 Conjurations
 + Level 0.9 Hexes
 + Level 0.9 Summonings
 + Level 0.9 Necromancy
 + Level 0.9 Translocations
 + Level 0.9 Transmutations
 + Level 0.9 Fire Magic
 + Level 0.9 Ice Magic
 + Level 7.1 Air Magic
 + Level 0.9 Earth Magic
 + Level 0.9 Poison Magic
 + Level 1.2 Invocations
 + Level 1.1 Evocations


You had 6 spell levels left.
You knew the following spells:

 Your Spells              Type           Power      Damage    Failure   Level
a - Shock                 Conj/Air       56%        1d6       8%          1
b - Poisonous Vapours     Pois/Air       28%        N/A       11%         2

Your spell library contained the following spells:

 Spells                   Type           Power      Damage    Failure   Level
 Swiftness                Air            23%        N/A       6%          3


Dungeon Overview and Level Annotations

Branches:
Dungeon (3/15)

Altars:
Zin

Shops:
D:1 *


Innate Abilities, Weirdness & Mutations

You have very sharp teeth.
Your uncanny sense of smell can sniff out nearby items.
Your experience applies equally to all skills.


Message History

You miss the adder. Your bite misses the adder.
The adder is heavily wounded.
You feel sick. The adder barely misses you.
You hit the adder. You punch the adder, but do no damage.
The adder is almost dead.
You feel sick. The adder closely misses you.
You hit the adder but do no damage.
The adder is almost dead.
You feel sick. The adder bites you.
You are more poisoned.
The adder poisons you!
You hit the adder.
You kill the adder!
You feel sick.
Casting: Shock (safe; 8% risk of failure)
Confirm with . or Enter, or press ? or * to list all spells.
Aiming: Poisonous Vapours (safe; 11% risk of failure)
Press: ? - help, Dir - move target, f - steam dragon
Aim: a steam dragon (lightly wounded) Poisonous vapours surround the steam dragon!
The steam dragon is poisoned.
You feel sick. The steam dragon breathes steam at you.
The ball of steam hits you!
* * * LOW HITPOINT WARNING * * *
You hear a shout! x5
You feel sick.
Casting: Poisonous Vapours (safe; 11% risk of failure)
Confirm with . or Enter, or press ? or * to list all spells.
Aiming: Poisonous Vapours (safe; 11% risk of failure)
Press: ? - help, Dir - move target, f/p - steam dragon
Aim: a steam dragon (steam, lightly wounded, poisoned) Poisonous vapours surround the steam dragon!
The steam dragon looks even sicker.
You feel sick. The steam dragon bites you.
* * * LOW HITPOINT WARNING * * *
The steam dragon claws you but does no damage.
The hound bites you but does no damage.
It was a potion of flight.
You feel very buoyant.
You fly up into the air.
You die...

#####..#. ...# #........
# .... ...###..## ##.
...###### ###...#
...#.......# #...#.#
#.#.......###...#.# .
.§....[..#.....#.# ..
#§##.##.......#.# ...
#@D#.#..##.#[##># ...D
##h†.#.###.#.##.# ..h†.
###...# ..#.##.#
.....†###...#.#.#...##.#
.....h.D..........####.#
.................#####.##
....##...................
.... ##..................
. .. #..................


You could see a steam dragon (very poisoned) and a hound.

Vanquished Creatures
  3 adders (D:3)
  2 worms (D:2)
  3 dart slugs (D:1)
  4 endoplasms
  2 giant cockroaches
  5 goblins
  2 hobgoblins (D:3)
  2 jackals (D:3)
  3 kobolds
  2 quokkas (D:1)
  A ball python (D:2)
  4 bats
  A frilled lizard (D:1)
  6 rats (D:2)
40 creatures vanquished.

Notes
Turn   | Place    | Note
-------+----------+-------------------------------------------
     0 | D:1      | senseless the Gnoll Wanderer began the quest for the Orb.
     0 | D:1      | senseless set off with the following items: a +0 spear, a
                  | +0 ring mail, a scroll of teleportation; and the following
                  | spell memorised: Shock; and the following spells available
                  | to memorise: Swiftness, Poisonous Vapours.
     0 | D:1      | Reached XP level 1. HP: 17/17 MP: 4/4
    96 | D:1      | Found Mockiofa's General Store.
   348 | D:1      | Reached XP level 2. HP: 23/23 MP: 3/5
   589 | D:1      | Found a faded altar of an unknown god.
   608 | D:1      | Prayed at the altar of an unknown god.
   608 | D:1      | Became a worshipper of Zin the Law-Giver
   608 | D:1      | Reached * piety under Zin
   608 | D:1      | Reached ** piety under Zin
   954 | D:2      | Reached XP level 3. HP: 19/28 MP: 7/7
  1275 | D:2      | Reached skill level 1 in Invocations
  1730 | D:2      | Learned a level 2 spell: Poisonous Vapours
  1863 | D:3      | Reached skill level 1 in Short Blades
  1863 | D:3      | Reached skill level 1 in Long Blades
  1863 | D:3      | Reached skill level 1 in Axes
  1863 | D:3      | Reached skill level 1 in Maces & Flails
  1863 | D:3      | Reached skill level 1 in Staves
  1863 | D:3      | Reached skill level 1 in Ranged Weapons
  1863 | D:3      | Reached skill level 1 in Throwing
  1863 | D:3      | Reached skill level 1 in Dodging
  1863 | D:3      | Reached skill level 1 in Stealth
  1863 | D:3      | Reached skill level 1 in Shields
  1863 | D:3      | Reached skill level 1 in Unarmed Combat
  1863 | D:3      | Reached skill level 1 in Evocations
  1988 | D:3      | Reached XP level 4. HP: 25/34 MP: 3/8
  2061 | D:3      | Noticed a steam dragon
  2085 | D:3      | HP: 1/34 [steam dragon (6)]
  2086 | D:3      | Succumbed to an adder's poison

Illustrated notes

Levels and vault maps discovered:
D:1:      lightli_arrival_boilingwater, layout_basic,
          dreamdust_ecumenical_altar_statues, serial_shops, shop_coins,
          amethyst_killhole, minmay_misc_feat_tower, kennysheep_another_room
D:2:      layout_loops_ring
D:3:      minmay_roachtagon, layout_rooms, mainiacjoe_overflow_small_starburst,
          st_stairs_3, minmay_misc_feat_room, grunt_ministairs_1, uniq_jessica,
          uniq_sigmund, uniq_robin

Skill      XL: |  1  2  3 |
---------------+----------+-----
Invocations    | 1 |  1.2
Short Blades   | 1 |  1.1
Long Blades    | 1 |  1.1
Axes           | 1 |  1.1
Maces & Flails | 1 |  1.1
Staves         | 1 |  1.1
Ranged Weapons | 1 |  1.1
Throwing       | 1 |  1.1
Dodging        | 1 |  1.1
Stealth        | 1 |  1.1
Shields        | 1 |  1.1
Unarmed Combat | 1 |  1.1
Evocations     | 1 |  1.1
Spellcasting   | 3 |  3.0
Fighting       | |  2.7
Polearms       | |  2.7
Armour         | |  6.6
Conjurations   | |  0.9
Hexes          | |  0.9
Summonings     | |  0.9
Necromancy     | |  0.9
Translocations | |  0.9
Transmutations | |  0.9
Fire Magic     | |  0.9
Ice Magic      | |  0.9
Air Magic      | |  7.1
Earth Magic    | |  0.9
Poison Magic   | |  0.9

Action                     |  1- 3 |  4- 6 || total
---------------------------+-------+-------++-------
  Melee: Spear             |    95 |    12 ||   107
         Bite              |     7 |       ||     7
         Punch             |     1 |     1 ||     2
   Cast: Shock             |    47 |     5 ||    52
         Poisonous Vapours |     2 |     2 ||     4
    Use: Potion            |       |     1 ||     1
 Armour: Ring mail         |    27 |     8 ||    35
  Dodge: Dodged            |    34 |     4 ||    38

Table legend: (Time is in decaauts)
 A = Elapsed time spent in this place.
 B = Non-inter-level travel time spent in this place.
 C = Inter-level travel time spent in this place.
 D = Time resting spent in this place.
 E = Time spent auto-exploring this place.
 F = Levels seen in this place.
 G = Mean time per level.
                   A        B        C        D        E       F      G
               +--------+--------+--------+--------+--------+-----+--------+
         Total |   2085 |   2002 |     83 |      0 |   1713 |   3 |  695.0 |
       Dungeon |   2085 |   2002 |     83 |      0 |   1713 |   3 |  695.0 |
               +--------+--------+--------+--------+--------+-----+--------+

Top non-repeatable levels by time:
     D:1: 892 daAuts
     D:2: 839 daAuts
     D:3: 353 daAuts
